[ AOE2 MATCH · #482810285 ]
UnrankedTupi vs Burgundians
Player's team · WIN
[ REPLAY ANALYSIS · EXTRACTED FROM THE RECORDED GAME ]
Feudal
9:58
Castle
23:29
Imperial
—
| APM avg | 39.3 |
| APM peak | 95 |
| eAPM avg | 19.5 |
| Villagers / military | 90 / 18 |
Focus
⚔️ 31.2% · 🌾 68.8%
Unknown (2550) ×79 · Unknown (2579) ×25 · Unknown (2582) ×20 · Archer ×8 · Mangonel ×7 · Monk ×1
Feudal
12:53
Castle
17:45
Imperial
—
| APM avg | 37.9 |
| APM peak | 104 |
| eAPM avg | 16.3 |
| Villagers / military | 92 / 60 |
Focus
⚔️ 23.8% · 🌾 76.2%
Knight ×37 · Scout Cavalry ×9 · Scorpion ×7 · Militia ×5 · Flemish Militia ×2
Match map
Initial resources + every placement click. Lines = walls · curves = elevation contours. ◆ gold · ⬟ stone · ● berries · ✦ relic · ◌ wall gap
Your base· ✓ Closed at 23:29 · 53t walls · 1 gate(s)
Ardat Feneri's base· Open — unwalled flank
Smoothed initial terrain · ◌ = detected wall gap · hover for details
Inputs per minute
— rok.kalar - - Ardat Feneri
Build order — rok.kalar
First 150 of 347 actions detected
| 0:00 | Create | Villager (Male) |
| 0:00 | Create | Villager (Male) |
| 0:01 | Create | Villager (Male) |
| 0:01 | Create | Villager (Male) |
| 0:01 | Create | Villager (Male) |
| 0:03 | Build | House |
| 0:05 | Build | House |
| 1:14 | Create | Villager (Male) |
| 1:14 | Create | Villager (Male) |
| 1:32 | Create | Villager (Male) |
| 1:59 | Build | Settlement |
| 2:12 | Create | Villager (Male) |
| 2:12 | Create | Villager (Male) |
| 2:53 | Create | Villager (Male) |
| 3:10 | Create | Villager (Male) |
| 3:33 | Create | Villager (Male) |
| 3:55 | Create | Villager (Male) |
| 3:59 | Build | House |
| 4:29 | Create | Villager (Male) |
| 4:29 | Create | Villager (Male) |
| 4:44 | Create | Villager (Male) |
| 4:44 | Create | Villager (Male) |
| 5:08 | Build | Palisade Gate |
| 5:12 | Build | Palisade Wall |
| 5:28 | Create | Villager (Male) |
| 5:28 | Create | Villager (Male) |
| 5:58 | Create | Villager (Male) |
| 6:18 | Build | Palisade Wall |
| 6:21 | Create | Villager (Male) |
| 6:35 | Build | Palisade Wall |
| 6:36 | Build | House |
| 6:47 | Create | Villager (Male) |
| 7:13 | Create | Villager (Male) |
| 7:48 | Research | Feudal Age |
| 8:06 | Build | Barracks |
| 8:07 | Build | Palisade Wall |
| 8:11 | Build | Palisade Wall |
| 8:53 | Build | Settlement |
| 9:03 | Create | Villager (Male) |
| 9:53 | Create | Villager (Male) |
| 9:58 | Age | Feudal Age |
| 10:12 | Build | Archery Range |
| 10:33 | Research | Double-Bit Axe |
| 10:43 | Create | Villager (Male) |
| 11:03 | Build | Blacksmith |
| 11:06 | Build | House |
| 11:10 | Build | Palisade Wall |
| 11:14 | Build | Palisade Wall |
| 11:16 | Build | Palisade Wall |
| 11:18 | Create | Villager (Male) |
| 11:21 | Create | Archer |
| 11:22 | Create | Archer |
| 11:41 | Create | Archer |
| 11:54 | Build | Palisade Wall |
| 11:58 | Build | Settlement |
| 12:00 | Create | Villager (Male) |
| 12:17 | Research | Fletching |
| 12:17 | Research | Fletching |
| 12:27 | Build | Farm |
| 12:37 | Build | Farm |
| 12:45 | Create | Archer |
| 12:53 | Create | Villager (Male) |
| 13:20 | Build | Farm |
| 13:22 | Create | Villager (Male) |
| 13:22 | Create | Villager (Male) |
| 13:44 | Create | Archer |
| 13:53 | Research | Tech 1402 |
| 13:56 | Create | Villager (Male) |
| 14:00 | Build | Farm |
| 14:16 | Build | Farm |
| 14:17 | Create | Villager (Male) |
| 15:02 | Create | Villager (Male) |
| 15:05 | Build | Farm |
| 15:09 | Build | Market |
| 15:31 | Create | Villager (Male) |
| 15:57 | Create | Villager (Male) |
| 15:59 | Build | Farm |
| 16:01 | Create | Villager (Male) |
| 16:04 | Research | Horse Collar |
| 16:04 | Research | Gold Mining |
| 16:07 | Create | Archer |
| 16:13 | Create | Unit 2550 |
| 16:19 | Research | Scale Mail Armor |
| 16:37 | Build | Farm |
| 16:41 | Build | Farm |
| 16:45 | Build | Farm |
| 16:47 | Build | Farm |
| 16:51 | Build | Settlement |
| 16:54 | Build | Farm |
| 16:58 | Create | Villager (Male) |
| 16:59 | Create | Unit 2550 |
| 17:17 | Create | Villager (Male) |
| 17:21 | Build | Farm |
| 17:28 | Build | House |
| 17:29 | Build | House |
| 17:33 | Build | House |
| 17:34 | Build | House |
| 17:51 | Create | Unit 2550 |
| 17:54 | Create | Archer |
| 17:57 | Research | Forging |
| 18:26 | Build | Farm |
| 18:29 | Build | Farm |
| 18:31 | Build | Farm |
| 18:34 | Create | Archer |
| 18:34 | Create | Skirmisher |
| 18:37 | Create | Unit 2550 |
| 18:40 | Build | House |
| 18:44 | Create | Villager (Male) |
| 19:18 | Build | Farm |
| 19:22 | Create | Villager (Male) |
| 19:26 | Build | House |
| 20:11 | Build | Farm |
| 20:21 | Build | Farm |
| 20:49 | Research | Castle Age |
| 21:03 | Build | Barracks |
| 21:06 | Build | Palisade Wall |
| 22:10 | Build | Settlement |
| 22:18 | Research | Stone Mining |
| 22:26 | Create | Unit 2550 |
| 22:26 | Create | Unit 2550 |
| 22:29 | Create | Unit 2550 |
| 22:29 | Create | Unit 2550 |
| 22:34 | Create | Unit 2550 |
| 22:35 | Create | Unit 2550 |
| 22:41 | Create | Villager (Male) |
| 22:46 | Build | House |
| 23:26 | Create | Villager (Male) |
| 23:29 | Age | Castle Age |
| 23:30 | Research | Iron Casting |
| 23:37 | Research | Chain Mail Armor |
| 23:40 | Research | Squires |
| 23:49 | Research | Heavy Plow |
| 23:57 | Build | Farm |
| 24:10 | Research | Tech 1351 |
| 24:16 | Create | Villager (Male) |
| 24:28 | Build | Settlement |
| 24:34 | Create | Villager (Male) |
| 24:38 | Create | Unit 2550 |
| 24:48 | Create | Unit 2550 |
| 24:50 | Create | Villager (Male) |
| 25:11 | Build | Farm |
| 25:25 | Build | Palisade Wall |
| 25:42 | Create | Unit 2550 |
| 25:44 | Create | Unit 2550 |
| 25:48 | Build | Farm |
| 25:49 | Research | Wheelbarrow |
| 26:05 | Research | Bow Saw |
| 26:34 | Create | Villager (Male) |
| 26:44 | Create | Unit 2550 |
| 26:44 | Create | Unit 2550 |
Build order — Ardat Feneri
First 150 of 220 actions detected
| 0:01 | Create | Villager (Male) ×4 |
| 0:04 | Build | House |
| 0:08 | Build | House |
| 1:35 | Create | Villager (Male) |
| 1:50 | Build | Lumber Camp |
| 2:15 | Create | Villager (Male) |
| 2:34 | Create | Villager (Male) |
| 3:06 | Create | Villager (Male) |
| 3:14 | Research | Double-Bit Axe |
| 3:28 | Build | House |
| 3:47 | Create | Villager (Male) |
| 4:26 | Create | Villager (Male) |
| 5:43 | Create | Villager (Male) |
| 5:44 | Create | Villager (Male) |
| 5:46 | Build | Mill |
| 6:07 | Create | Villager (Male) |
| 6:25 | Create | Villager (Male) |
| 7:09 | Create | Villager (Male) |
| 7:11 | Create | Villager (Male) |
| 7:11 | Create | Villager (Male) |
| 7:12 | Create | Villager (Male) |
| 7:18 | Build | House |
| 8:24 | Create | Villager (Male) |
| 8:25 | Create | Villager (Male) |
| 8:36 | Create | Villager (Male) |
| 8:38 | Create | Villager (Male) |
| 9:19 | Research | Horse Collar |
| 9:25 | Build | Farm |
| 9:25 | Build | Farm |
| 9:26 | Build | Farm |
| 10:09 | Research | Feudal Age |
| 10:18 | Build | Farm |
| 10:19 | Build | Farm |
| 10:27 | Build | Mining Camp |
| 10:36 | Build | Mining Camp |
| 10:51 | Create | Villager (Male) |
| 10:51 | Create | Villager (Male) |
| 11:09 | Build | House |
| 11:19 | Build | House |
| 11:22 | Build | House |
| 11:32 | Build | Farm |
| 11:33 | Build | Farm |
| 11:35 | Build | Farm |
| 12:37 | Build | House |
| 12:53 | Age | Feudal Age |
| 13:15 | Research | Loom |
| 13:43 | Build | Market |
| 13:52 | Build | Blacksmith |
| 13:58 | Create | Villager (Male) |
| 14:03 | Build | House |
| 14:11 | Create | Villager (Male) |
| 15:05 | Research | Castle Age |
| 15:27 | Create | Villager (Male) |
| 15:27 | Create | Villager (Male) |
| 15:56 | Build | Lumber Camp |
| 16:09 | Create | Villager (Male) |
| 16:25 | Build | Mill |
| 16:27 | Build | Farm |
| 16:28 | Build | Farm |
| 16:30 | Build | Farm |
| 16:35 | Build | Farm |
| 16:40 | Build | Farm |
| 16:46 | Build | House |
| 16:48 | Build | House |
| 17:24 | Research | Bow Saw |
| 17:24 | Research | Heavy Plow |
| 17:31 | Build | Barracks |
| 17:45 | Age | Castle Age |
| 17:56 | Create | Villager (Male) |
| 18:19 | Build | Stable |
| 18:57 | Create | Scout Cavalry ×5 |
| 19:06 | Build | Stable |
| 19:22 | Research | Scale Barding Armor |
| 19:36 | Create | Villager (Male) |
| 19:51 | Research | Forging |
| 20:17 | Build | Farm |
| 20:32 | Create | Scout Cavalry ×2 |
| 20:45 | Create | Villager (Male) |
| 21:04 | Create | Flemish Militia |
| 21:04 | Create | Flemish Militia |
| 21:39 | Create | Villager (Male) |
| 21:48 | Create | Villager (Male) |
| 21:58 | Create | Militia |
| 21:59 | Create | Scout Cavalry ×2 |
| 22:19 | Build | Farm |
| 22:23 | Build | Farm |
| 22:46 | Create | Villager (Male) |
| 22:46 | Create | Villager (Male) |
| 22:59 | Create | Villager (Male) |
| 23:06 | Build | Farm |
| 23:07 | Build | Farm |
| 23:12 | Build | Farm |
| 23:13 | Build | Farm |
| 23:15 | Create | Villager (Male) |
| 23:24 | Build | Town Center |
| 23:33 | Build | House |
| 23:42 | Build | Farm |
| 23:46 | Build | Farm |
| 24:12 | Create | Villager (Male) |
| 24:18 | Research | Padded Archer Armor |
| 24:20 | Research | Two-Man Saw |
| 24:37 | Research | Gold Mining |
| 25:08 | Build | Siege Workshop |
| 25:12 | Create | Villager (Male) |
| 25:21 | Build | House |
| 25:22 | Build | House |
| 25:25 | Build | House |
| 25:26 | Build | House |
| 25:30 | Create | Villager (Male) |
| 25:30 | Create | Villager (Male) |
| 25:32 | Create | Villager (Male) |
| 25:56 | Create | Villager (Male) |
| 26:14 | Build | Farm |
| 26:18 | Build | Farm |
| 26:19 | Build | Farm |
| 26:23 | Create | Villager (Male) |
| 26:23 | Create | Villager (Male) |
| 26:24 | Create | Villager (Male) |
| 26:32 | Create | Scorpion |
| 26:32 | Create | Scorpion |
| 26:38 | Create | Villager (Male) |
| 26:40 | Research | Wheelbarrow |
| 26:44 | Research | Fletching |
| 27:01 | Create | Villager (Male) |
| 27:07 | Build | House |
| 27:11 | Create | Villager (Male) |
| 27:16 | Build | House |
| 27:26 | Build | House |
| 27:47 | Create | Villager (Male) |
| 28:01 | Create | Villager (Male) |
| 28:05 | Build | House |
| 28:08 | Build | House |
| 28:11 | Create | Villager (Male) |
| 28:11 | Create | Villager (Male) |
| 28:24 | Create | Knight |
| 28:24 | Create | Knight |
| 28:24 | Create | Knight |
| 28:24 | Create | Knight |
| 28:25 | Create | Knight |
| 28:31 | Create | Villager (Male) |
| 28:32 | Create | Villager (Male) |
| 28:35 | Create | Scorpion |
| 28:35 | Create | Scorpion |
| 28:51 | Research | Chain Barding Armor |
| 29:00 | Create | Villager (Male) |
| 29:00 | Create | Villager (Male) |
| 29:01 | Create | Villager (Male) |
| 29:08 | Create | Villager (Male) |
| 29:39 | Build | House |
| 29:49 | Research | Iron Casting |
Match timeline
| 5:12 | rok.kalar · wall_segment Palisade Wall x16 |
| 6:18 | rok.kalar · wall_segment Palisade Wall x9 |
| 6:35 | rok.kalar · wall_segment Palisade Wall x10 |
| 8:06 | rok.kalar · first_building Barracks |
| 8:07 | rok.kalar · wall_segment Palisade Wall x3 |
| 8:11 | rok.kalar · wall_segment Palisade Wall x6 |
| 9:58 | rok.kalar · age_up feudal |
| 10:12 | rok.kalar · first_building Archery Range |
| 11:10 | rok.kalar · wall_segment Palisade Wall x2 |
| 11:14 | rok.kalar · wall_segment Palisade Wall x2 |
| 11:16 | rok.kalar · wall_segment Palisade Wall x4 |
| 11:54 | rok.kalar · wall_segment Palisade Wall x6 |
| 12:53 | Ardat Feneri · age_up feudal |
| 17:31 | Ardat Feneri · first_building Barracks |
| 17:45 | Ardat Feneri · age_up castle |
| 18:19 | Ardat Feneri · first_building Stable |
| 20:14 | rok.kalar · first_market_sell 100 wood |
| 20:17 | rok.kalar · first_market_buy 100 food |
| 21:02 | Ardat Feneri · first_market_sell 100 wood |
| 21:06 | rok.kalar · wall_segment Palisade Wall x3 |
| 23:29 | rok.kalar · age_up castle |
| 25:08 | Ardat Feneri · first_building Siege Workshop |
| 25:25 | rok.kalar · wall_segment Palisade Wall x1 |
| 27:28 | rok.kalar · first_building Castle |
| 31:06 | rok.kalar · first_building Monastery |
| 31:54 | rok.kalar · first_building Siege Workshop |
| 34:02 | Ardat Feneri · first_market_buy 100 wood |
| 34:45 | rok.kalar · wall_segment Palisade Wall x3 |
| 34:58 | rok.kalar · wall_segment Palisade Wall x1 |
| 35:17 | rok.kalar · wall_segment Stone Wall x3 |
| 35:20 | rok.kalar · wall_segment Stone Wall x1 |
| 35:22 | rok.kalar · wall_segment Stone Wall x1 |
| 35:28 | rok.kalar · wall_segment Stone Wall x1 |
| 46:44 | Ardat Feneri · resign |
[ AI ANALYSIS · 1 CREDIT ]
What really happened in this match?
Wolo.gg analyzes every decision: build order, eco, micro, common mistakes by bracket. Personalized analysis on WhatsApp or Discord in 30 seconds.
Civ guide
Tupi
Perfil
Jugador #21463595